 Dungeon Crawl Stone Soup version 0.24-a0-475-g5b41c6f198 (webtiles) character file.

Game seed: 1899068479347714189

1983 pk666 the Thaumaturge (level 9, -9/45 HPs)
             Began as a Deep Elf Wizard on July 5, 2019.
             Mangled by an orc warrior
             ... wielding a +0 long sword
              (15 damage)
             ... on level 8 of the Dungeon.
             The game lasted 00:16:23 (8187 turns).

pk666 the Thaumaturge (Deep Elf Wizard)             Turns: 8187, Time: 00:16:24

Health: -9/45      AC:  2    Str:  7    XL:     9   Next: 1%
Magic:  11/24      EV: 13    Int: 27    God:
Gold:   219        SH:  0    Dex: 13    Spells: 17/26 levels left

rFire    . . .     SeeInvis .   i - +1 dagger (freeze)
rCold    . . .     Gourm    .   (no shield)
rNeg     . . .     Faith    .   a - +0 robe
rPois    .         Spirit   .   b - +0 hat
rElec    .         Reflect  .   (no cloak)
rCorr    .         Harm     .   (no gloves)
MR       .....                  (no boots)
Stlth    +.........             (no amulet)
HPRegen  0.15/turn              q - +3 ring of strength
MPRegen  0.19/turn              (no ring)

@: confused
A: no striking features
a: no special abilities


You were on level 8 of the Dungeon.
You were not hungry.

You visited 1 branch of the dungeon, and saw 6 of its levels.

You collected 219 gold pieces.

Inventory:

Hand Weapons
 i - a +1 dagger of freezing (weapon)
Armour
 a - a +0 robe (worn)
 b - a +0 hat (worn)
Jewellery
 n - an uncursed ring of fire
 q - a +3 ring of strength (left hand)
Wands
 s - a wand of iceblast (20)
 t - a wand of random effects (29)
Scrolls
 c - 4 scrolls of identify {unknown}
 e - 3 scrolls of remove curse {unknown}
 g - 4 scrolls of teleportation {unknown}
 h - 2 scrolls of magic mapping {unknown}
 l - 2 scrolls of fear {unknown}
 r - 2 scrolls of fog {unknown}
Potions
 f - a potion of flight {unknown}
 j - a potion of cancellation {unknown}
 k - 2 potions of curing
 m - 2 potions of haste {unknown}
 o - 2 potions of heal wounds
 p - a potion of might {unknown}
Comestibles
 d - 5 rations
 u - a chunk of flesh


   Skills:
 - Level 3.1 Dodging
 - Level 2.4 Stealth
 + Level 9.3 Spellcasting
 + Level 6.7 Conjurations
   Level 1.1 Summonings
 - Level 3.0 Translocations
 + Level 6.2 Fire Magic
 - Level 2.0 Air Magic
 - Level 3.2 Poison Magic


You had 17 spell levels left.
You knew the following spells:

 Your Spells              Type           Power        Failure   Level  Hunger
a - Magic Dart            Conj           ####         1%          1    None
b - Blink                 Tloc           N/A          1%          2    None
c - Conjure Flame         Conj/Fire      #####...     1%          3    None
d - Mephitic Cloud        Conj/Pois/Air  ####....     2%          3    None

Your spell library contained the following spells:

 Spells                   Type           Power        Failure   Level  Hunger
 Animate Skeleton         Necr           N/A          4%          1    None
 Pain                     Necr           ##..         4%          1    None
 Call Imp                 Summ           ###.....     4%          2    None
 Slow                     Hex            ##......     7%          2    None
 Regeneration             Chrm/Necr      ##........   14%         3    None
 Vampiric Draining        Necr           ##........   14%         3    None
 Animate Dead             Necr           N/A          43%         4    None


Dungeon Overview and Level Annotations

Branches:
Dungeon (5/15)
 Temple: D:4-7

Altars:
Xom
The Shining One

Shops:
D:4 }   D:5 }


Message History

You closely miss the orc wizard.
The orc wizard is lightly wounded.
The orc wizard barely misses you.
An orc priest comes into view. It is wielding a +0 club.
You barely miss the orc wizard.
The orc wizard is lightly wounded.
The orc wizard barely misses you. The shadow imp gestures at you.
Pain shoots through your body!
An orc, a crimson imp and a zombie come into view.
The crimson imp shouts!
The orc shouts!
The orc priest calls down the wrath of Beogh upon you.
Beogh smites you!
* * * LOW HITPOINT WARNING * * *
The orc wizard barely misses the crimson imp.
You see here an arrow.
You're too confused to cast spells.
You bump into the rock wall.
The orc warrior hits you with a +0 long sword!
You die...

...#... .#...?
..[#..# .#....
..Z... ......
....###......
#..##....... .
#..#.o....#
....#....5.#
........(oo###
.........5@.?#
...(.....###.#
.........# ###
..##...... .
...#....
###.##.c.. #
#....


You could see an orc warrior, an orc priest, an orc wizard (confused), a crimson
imp, a shadow imp and a wyvern zombie.

Vanquished Creatures
  Grinder (D:5)
  Sigmund (D:5)
  Duvessa (D:5)
  A sky beast (D:5)
  2 phantoms
  2 ogres (D:4)
  2 centaurs
  Blork the orc (D:5)
  Dowan (D:5)
  A scorpion (D:5)
  A crimson imp (D:5)
  A bullfrog zombie (D:5)
  A hound (D:8)
  An orc priest (D:3)
  A bullfrog skeleton (D:5)
  4 orc wizards
  2 iguanas (D:5)
  5 worker ants
  Ijyb (D:3)
  7 gnolls (D:3)
  8 adders
  A shadow imp (D:5)
  An adder skeleton (D:4)
  8 worms
  A dart slug (D:3)
  A leopard gecko (D:2)
  14 orcs
  6 giant cockroaches
  18 goblins
  10 hobgoblins
  23 jackals
  5 kobolds
  A quokka (D:3)
  6 bats
  5 frilled lizards (D:2)
  A jackal skeleton (D:4)
  A leopard gecko skeleton (D:4)
  A quokka skeleton (D:4)
  2 quokka zombies (D:5)
  10 rats
160 creatures vanquished.

Notes
Turn   | Place    | Note
-------+----------+-------------------------------------------
     0 | D:1      | pk666 the Deep Elf Wizard began the quest for the Orb.
     0 | D:1      | Reached XP level 1. HP: 10/10 MP: 7/7
   252 | D:1      | Reached XP level 2. HP: 15/15 MP: 3/9
   747 | D:1      | Reached XP level 3. HP: 19/19 MP: 0/11
   761 | D:1      | Learned a level 2 spell: Blink
   765 | D:1      | Learned a level 3 spell: Conjure Flame
   769 | D:1      | Learned a level 3 spell: Mephitic Cloud
   996 | D:1      | Found a shadowy altar of Dithmenos.
   998 | D:1      | Found a shimmering altar of Xom.
   998 | D:1      | Found a shimmering altar of Xom.
  1000 | D:1      | Found a white marble altar of Elyvilon.
  1000 | D:1      | Found a glowing golden altar of the Shining One.
  1000 | D:1      | Found an iron altar of Okawaru.
  1077 | D:1      | Reached skill level 5 in Spellcasting
  1543 | D:2      | Reached XP level 4. HP: 24/24 MP: 3/13
  1571 | D:2      | Reached skill level 1 in Fire Magic
  1571 | D:2      | Reached skill level 1 in Poison Magic
  1743 | D:1      | Reached skill level 1 in Air Magic
  1895 | D:2      | Reached XP level 5. HP: 28/28 MP: 9/14
  3565 | D:3      | Reached XP level 6. HP: 26/32 MP: 8/16
  3968 | D:3      | Reached skill level 6 in Spellcasting
  4139 | D:3      | Noticed Ijyb
  4357 | D:3      | Killed Ijyb
  4997 | D:4      | Reached XP level 7. HP: 36/36 MP: 9/18
  5587 | D:4      | Found Lulomes's Gadget Boutique.
  6017 | D:4      | Reached skill level 7 in Spellcasting
  6195 | D:5      | Entered Level 5 of the Dungeon
  6377 | D:5      | Reached skill level 5 in Conjurations
  6377 | D:5      | Reached XP level 8. HP: 41/41 MP: 7/21
  6618 | D:5      | Found Urhuikh's Gadget Boutique.
  6707 | D:5      | Noticed Grinder
  6731 | D:5      | Paralysed by Grinder for 4 turns
  6736 | D:5      | Killed Grinder
  6736 | D:5      | Reached skill level 8 in Spellcasting
  6736 | D:5      | Reached skill level 5 in Fire Magic
  6960 | D:5      | Noticed Duvessa
  6978 | D:5      | Noticed Dowan
  6981 | D:5      | Killed Duvessa
  7121 | D:5      | Noticed Sigmund
  7206 | D:5      | Killed Dowan
  7289 | D:5      | Killed Sigmund
  7807 | D:5      | Reached skill level 9 in Spellcasting
  7895 | D:5      | Noticed Blork the orc
  7918 | D:5      | Killed Blork the orc
  8161 | D:5      | You fall into a shaft and drop 3 floors!
  8181 | D:8      | Reached XP level 9. HP: 21/45 MP: 10/24
  8187 | D:8      | Mangled by an orc warrior

Levels and vault maps discovered:
D:1:      dpeg_arrival_arbitrary_a, layout_loops_cross, doesnt_xom_only_xom
D:2:      layout_rooms, minmay_fountain_box
D:3:      kennysheep_goblin_castle, layout_basic, uniq_ijyb
D:4:      layout_basic, serial_shops, kennysheep_mini_moat,
          hangedman_glass_teeth, minmay_pentomino_pile
D:5:      layout_loops_cross, kennysheep_mini, enter_ossuary_4, first_ration,
          serial_shops, shop_fountains, uniq_sigmund, uniq_duvessa,
          uniq_blork_the_orc, uniq_grinder
D:8:      layout_layer_cave, grunt_temple_overflow_open, serial_shops,
          shop_scrolls, shop

Skill      XL: |  1  2  3  4  5  6  7  8 |
---------------+-------------------------+-----
Dodging        | 3 |  3.1
Conjurations   | 2 3 5 6 |  6.7
Spellcasting   | 5 6 7 9 |  9.3
Fire Magic     | 1 2 4 6 |  6.2
Poison Magic   | 1 2 3 |  3.2
Air Magic      | 1 2 |  2.0
Translocations | 2 3 |  3.0
Stealth        | |  2.4
Summonings     | |  1.1

Action                   |  1- 3 |  4- 6 |  7- 9 || total
-------------------------+-------+-------+-------++-------
Melee: Spear             |     1 |       |       ||     1
       Dagger            |     5 |     3 |     4 ||    12
 Cast: Magic Dart        |    89 |   262 |   227 ||   578
       Mephitic Cloud    |       |     6 |    10 ||    16
       Blink             |       |     1 |     2 ||     3
       Conjure Flame     |       |     4 |    17 ||    21
  Use: Potion            |       |       |     1 ||     1
  Eat: Chunk             |     1 |    11 |     6 ||    18
       Ration            |       |       |     1 ||     1
Armor: Robe              |     1 |     8 |     6 ||    15
Dodge: Dodged            |    28 |    43 |    40 ||   111

Table legend:
 A = Non-vault XP
 B = Vault XP
 C = Vault XP percentage of total XP
 D = Non-vault monster count
 E = Vault monster count
 F = Vault count percentage of total count
                 A         B        C        D         E       F
            +---------+---------+-------+---------+---------+-------
      Total |    1974 |     859 |  30.3 |     138 |      22 |  13.8
            +---------+---------+-------+---------+---------+-------
        D:1 |      93 |       0 |   0.0 |      31 |       0 |   0.0
        D:2 |     148 |       0 |   0.0 |      35 |       0 |   0.0
        D:3 |     350 |      55 |  13.6 |      35 |      12 |  25.5
        D:4 |     609 |      17 |   2.7 |      19 |       3 |  13.6
        D:5 |     623 |     787 |  55.8 |      16 |       7 |  30.4
        D:8 |     151 |       0 |   0.0 |       2 |       0 |   0.0
            +---------+---------+-------+---------+---------+-------
